 Dungeon Crawl Stone Soup version 0.28.0-45-g0d030f2227 (webtiles) character file.

Game seed: 7860376757606680303

245 Gutsu the Poker (level 6, -3/48 HPs)
             Began as a Human Berserker on Apr 11, 2022.
             Was a Priest of Trog.
             Slain by a killer bee (6 damage)
             ... on level 4 of the Dungeon.
             The game lasted 00:14:51 (2781 turns).

Gutsu the Poker (Human Berserker)                   Turns: 2781, Time: 00:14:52

Health: -3/48      AC:  5    Str: 20    XL:     6   Next: 32%
Magic:  6/6        EV: 13    Int:  7    God:    Trog [***...]
Gold:   122        SH:  0    Dex: 12    Spells: 5/5 levels left

rFire   . . .      SeeInvis .   a - +1 spear
rCold   . . .      Faith    +   c - orb {*Rage}
rNeg    . . .      Spirit   .   b - +1 animal skin
rPois   .          Reflect  .   (no helmet)
rElec   .          Harm     .   l - +0 cloak
rCorr   .          Rampage  .   g - +0 pair of gloves
Will    .....      Rage     20% (no boots)
Stlth   ++........              e - amulet of faith
HPRegen 0.16/turn               (no ring)
MPRegen 0.10/turn               (no ring)

@: on berserk cooldown, slowed, very slow
A: no striking features
a: Renounce Religion, Berserk, Trog's Hand


You were on level 4 of the Dungeon.
You worshipped Trog.
Trog was most pleased with you.
You visited 1 branch of the dungeon, and saw 4 of its levels.

You collected 122 gold pieces.

Inventory:

Hand Weapons
 a - a +1 spear (weapon)
Armour
 b - a +1 animal skin (worn)
 c - an orb of wrath (worn)
 g - a +0 pair of gloves (worn)
 l - a +0 cloak (worn)
Jewellery
 e - an amulet of faith (around neck)
Scrolls
 d - a scroll of noise
 i - 3 scrolls of magic mapping
 j - a scroll of identify
Potions
 f - 2 potions of attraction
 h - a potion of curing {unknown}
 k - a potion of degeneration {unknown}


   Skills:
 + Level 3.8 Fighting
 + Level 4.8 Polearms
 + Level 2.1 Armour
 + Level 3.4 Dodging
 + Level 2.2 Stealth


You had 5 spell levels left.
You didn't know any spells.
Your spell library contained the following spells:

 Spells                   Type           Power      Damage    Failure   Level
 Animate Skeleton         Necr           0%         N/A       43%         1
 Pain                     Necr           0%         1d4       43%         1
 Vampiric Draining        Necr           0%         2d6       80%         3


Dungeon Overview and Level Annotations

Branches:
Dungeon (4/15)
 Temple: D:4-7

Altars:
Dithmenos
Elyvilon
Fedhas
Gozag
Hepliaklqana
Okawaru
Ru
Sif Muna
Trog
Vehumet
The Shining One

Shops:
D:1 ((*


Message History

The killer bee stings you but does no damage. x2
The killer bee stings you!
You feel a strong urge to attack something.
The killer bee closely misses you. The killer bee completely misses you.
You puncture the killer bee!
The killer bee is severely wounded.
The killer bee stings you!
You miss the killer bee.
The killer bee is severely wounded.
The killer bee closely misses you.
You closely miss the killer bee.
The killer bee is severely wounded.
The killer bee closely misses you.
You miss the killer bee.
The killer bee is severely wounded.
The killer bee stings you but does no damage.
You puncture the killer bee!
You kill the killer bee!
Trog accepts your kill.
You closely miss the killer bee.
You are no longer berserk.
You are exhausted.
You feel yourself slow down. The killer bee closely misses you.
The killer bee stings you but does no damage.
You miss the killer bee. The killer bee closely misses you. x2
You miss the killer bee. The killer bee closely misses you.
The killer bee barely misses you. The killer bee closely misses you.
You closely miss the killer bee. The killer bee barely misses you. x2
You hit the killer bee but do no damage.
The killer bee stings you but does no damage.
The killer bee stings you. x2
You miss the killer bee. The killer bee stings you. x2
* * * LOW HITPOINT WARNING * * *
You hit the killer bee.
The killer bee is lightly wounded.
The killer bee stings you!
* * * LOW HITPOINT WARNING * * *
The killer bee closely misses you. The killer bee stings you.
You die...

....##.######)........###
.[.##..# #########...#
.<###.## ###.# ..# #.
#.### ........ #...#
..###.## ###.# ### .#
######.# ...#
#######......# #...
##yy@....######
##..##.g####### #......##
#.....### ....... .......
....... ....... .......


You could see 2 killer bees and a goblin.

Vanquished Creatures
  A killer bee (D:4)
  A bullfrog skeleton (D:4)
  A hound (D:3)
  3 gnolls (D:2)
  3 adders
  A worm (D:3)
  3 dart slugs
  5 orcs
  6 bats
  7 endoplasms
  4 giant cockroaches
  9 goblins
  3 hobgoblins
  3 jackals (D:1)
  4 quokkas
  7 ball pythons
  A frilled lizard (D:1)
  A kobold (D:3)
  8 rats
71 creatures vanquished.

Notes
Turn   | Place    | Note
-------+----------+-------------------------------------------
     0 | D:1      | Gutsu the Human Berserker began the quest for the Orb.
     0 | D:1      | Reached XP level 1. HP: 18/18 MP: 1/1
    70 | D:1      | Reached XP level 2. HP: 16/24 MP: 2/2
   103 | D:1      | Found Rufiff's Assorted Antiques.
   176 | D:1      | Found Xuotror's Antique Weapon Emporium.
   301 | D:1      | Reached XP level 3. HP: 5/29 MP: 3/3
   311 | D:1      | HP: 1/29 [dart slug (3)]
   313 | D:1      | Reached ** piety under Trog
   440 | D:1      | Found Pimutoucw's Antique Weapon Boutique.
   926 | D:2      | Reached XP level 4. HP: 35/35 MP: 4/4
  1052 | D:2      | Reached skill level 1 in Stealth
  1143 | D:2      | Found a faded altar of an unknown god.
  1313 | D:2      | Reached skill level 4 in Polearms
  1687 | D:3      | Reached XP level 5. HP: 33/41 MP: 5/5
  1750 | D:3      | Reached *** piety under Trog
  1960 | D:3      | Found a shimmering blue altar of Sif Muna.
  1965 | D:3      | Found a blossoming altar of Fedhas.
  1966 | D:3      | Found a white marble altar of Elyvilon.
  1966 | D:3      | Found a glowing golden altar of the Shining One.
  1966 | D:3      | Found a shadowy altar of Dithmenos.
  1966 | D:3      | Found a bloodstained altar of Trog.
  1967 | D:3      | Found a radiant altar of Vehumet.
  1969 | D:3      | Found an opulent altar of Gozag.
  1970 | D:3      | Found a hazy altar of Hepliaklqana.
  1971 | D:3      | Found a sacrificial altar of Ru.
  2686 | D:4      | Found an iron altar of Okawaru.
  2748 | D:4      | Reached XP level 6. HP: 30/48 MP: 6/6
  2781 | D:4      | Slain by a killer bee

Illustrated notes

Levels and vault maps discovered:
D:1:      grunt_arrival_crossed_arrows, layout_rooms, serial_shops, shop,
          nicolae_shop_stone, nicolae_shop_competitors_out_of_business
D:2:      layout_loops_ring, ebering_ecumenical_altar_mist, minmay_3d_cube
D:3:      layout_basic, minitemple, chequers_serial_rivers_marsh,
          solitary_fountain
D:4:      layout_rooms, kennysheep_okawaru_gauntlet, serial_shops, shop

Skill      XL: |  1  2  3  4  5 |
---------------+----------------+-----
Stealth        | 1 2 |  2.2
Polearms       | 4 |  4.8
Dodging        | 3 |  3.4
Fighting       | |  3.8
Armour         | |  2.1

Action                   |  1- 3 |  4- 6 || total
-------------------------+-------+-------++-------
Melee: Spear             |    97 |   123 ||   220
       Punch             |     1 |       ||     1
  Use: Scroll            |     3 |     5 ||     8
       Potion            |     2 |     1 ||     3
 Stab: Sleeping          |     3 |     3 ||     6
Armor: Animal skin       |    31 |    28 ||    59
       Skin              |       |     9 ||     9
Dodge: Dodged            |    75 |    93 ||   168
